 Dungeon Crawl Stone Soup version 0.28.0-43-g3370ac3207 (webtiles) character file.

Game seed: 3774954172510097192

1132 Peloso the Carver (level 8, -1/69 HPs)
             Began as a Minotaur Fighter on Mar 20, 2022.
             Was an Initiate of Okawaru.
             Slain by a gnoll shaman
             ... wielding a +0 club
              (10 damage)
             ... in the Ecumenical Temple.
             The game lasted 00:05:48 (4091 turns).

Peloso the Carver (Minotaur Fighter)                Turns: 4091, Time: 00:05:48

Health: -1/69      AC: 14    Str: 22    XL:     8   Next: 13%
Magic:  7/7        EV:  8    Int:  5    God:    Okawaru [......]
Gold:   166        SH:  5    Dex: 11    Spells: 7/7 levels left

rFire   . . .      SeeInvis .   a - +0 long sword
rCold   . . .      Faith    .   c - +0 buckler
rNeg    . . .      Spirit   .   f - +0 chain mail
rPois   +          Reflect  .   (helmet restricted)
rElec   .          Harm     .   (no cloak)
rCorr   .          Rampage  .   (no gloves)
Will    .....                   (no boots)
Stlth   ..........              (no amulet)
HPRegen 0.21/turn               m - +4 ring of protection
MPRegen 0.10/turn               i - ring of poison resistance

@: no status effects
A: horns 2, retaliatory headbutt
a: Renounce Religion


You were in the Ecumenical Temple.
You worshipped Okawaru.
Okawaru was noncommittal.
You visited 2 branches of the dungeon, and saw 6 of its levels.

You collected 166 gold pieces.

Inventory:

Hand Weapons
 a - a +0 long sword (weapon)
Armour
 b - a +0 scale mail
 c - a +0 buckler (worn)
 f - a +0 chain mail (worn)
Jewellery
 i - a ring of poison resistance (right hand)
 m - a +4 ring of protection (left hand)
 n - a ring of fire
 y - an amulet of faith
Wands
 w - a wand of flame (22)
Scrolls
 e - a scroll of identify
 g - a scroll of magic mapping
 h - 2 scrolls of enchant weapon
 j - 2 scrolls of acquirement {unknown}
 q - 2 scrolls of brand weapon {unknown}
 r - 5 scrolls of teleportation {unknown}
 s - a scroll of immolation {unknown}
 u - a scroll of fog {unknown}
Potions
 d - a potion of might
 k - a potion of mutation
 l - 2 potions of heal wounds {unknown}
 o - a potion of cancellation {unknown}
 p - a potion of degeneration {unknown}
 t - a potion of haste {unknown}
 v - a potion of curing {unknown}
 x - a potion of brilliance {unknown}
 z - a potion of ambrosia {unknown}
 A - a potion of lignification {unknown}
 B - a potion of flight {unknown}


   Skills:
 + Level 5.5 Fighting
 + Level 8.3 Long Blades
 + Level 7.0 Armour
 + Level 0.8 Dodging
 + Level 0.5 Stealth
 + Level 5.0 Shields


You had 7 spell levels left.
You didn't know any spells.
Your spell library was empty.

Dungeon Overview and Level Annotations

Branches:
Dungeon (5/15)             Temple (1/1) D:5

Altars:
Ashenzari
Cheibriados
Elyvilon
Fedhas
Gozag
Makhleb
Nemelex Xobeh
Okawaru
Qazlal
Sif Muna
Trog
Uskayaw
Vehumet
Xom
Zin
The Shining One

Shops:
D:2 :   D:5 *


Innate Abilities, Weirdness & Mutations

You have a pair of horns on your head.
You reflexively headbutt those who attack you in melee.


Message History

You hit the gnoll shaman but do no damage.
The gnoll shaman is lightly wounded.
The gnoll closely misses you. The gnoll barely misses you.
The gnoll hits you but does no damage.
The gnoll shaman hits you with a +0 club.
You barely miss the gnoll shaman. Your headbutt misses the gnoll shaman.
The gnoll shaman is lightly wounded.
The gnoll hits you but does no damage. The gnoll barely misses you.
The gnoll shaman hits you with a +0 club!
Unknown command.
The gnoll hits you but does no damage.
The gnoll shaman calls upon its god to speed up something.
There is a staircase to the Ecumenical Temple here.
The gnoll closely misses you.
The gnoll hits you from afar with a +0 halberd.
The gnoll hits you but does no damage.
You can't go up here!
The gnoll hits you from afar with a +0 halberd!
The gnoll closely misses you.
The gnoll shaman hits you with a +0 club.
* * * LOW HITPOINT WARNING * * *
The gnoll hits you from afar with a +0 halberd!
* * * LOW HITPOINT WARNING * * *
The gnoll barely misses you.
You climb downwards.
Welcome back to the Ecumenical Temple!
There is a staircase back to the Dungeon here.
You barely miss the gnoll shaman.
The gnoll shaman is lightly wounded.
The gnoll shaman hits you with a +0 club.
* * * LOW HITPOINT WARNING * * *
You hit the gnoll shaman but do no damage.
The gnoll shaman is lightly wounded.
You block the gnoll shaman's attack.
You closely miss the gnoll shaman. You headbutt the gnoll shaman.
The gnoll shaman is lightly wounded.
The gnoll shaman hits you but does no damage.
You hit the gnoll shaman but do no damage.
The gnoll shaman is lightly wounded.
The gnoll shaman hits you with a +0 club!
You die...

≈≈≈≈≈≈≈≈≈≈≈≈≈≈≈
≈≈≈≈≈≈≈≈≈≈≈≈≈≈≈
≈≈≈≈≈≈≈≈≈≈≈≈≈≈≈
≈≈≈≈≈≈≈≈≈≈≈≈≈≈≈
≈≈≈≈≈≈≈≈≈≈≈≈≈≈≈
...............
......g........
.⌠.....@.....⌠.
...............
...............
≈≈≈≈≈.....≈≈≈≈≈
≈≈≈≈≈≈≈...≈≈≈≈≈≈
≈≈≈≈≈≈≈...≈≈≈≈≈≈
≈≈≈≈≈≈≈...≈≈≈≈≈≈
≈≈≈≈≈≈≈...≈≈≈≈≈≈
≈≈≈≈≈≈≈...≈≈≈≈≈≈


You could see a gnoll shaman.

Vanquished Creatures
  Grinder (D:4)
  Sigmund (D:4)
  An ogre (D:4)
  A sky beast (D:5)
  A phantom (D:4)
  A scorpion (D:4)
  A water moccasin skeleton (D:4)
  4 crimson imps (D:3)
  2 hounds
  A scorpion zombie (D:5)
  Ijyb (D:4)
  3 gnolls
  6 adders
  2 worms
  9 orcs
  7 endoplasms
  5 giant cockroaches
  6 goblins
  4 hobgoblins
  7 jackals (D:2)
  2 quokkas
  5 ball pythons
  6 bats
  2 frilled lizards
  11 kobolds
  8 rats
98 creatures vanquished.

Vanquished Creatures (others)
  A plant (D:3)
1 creature vanquished.

Grand Total: 99 creatures vanquished

Notes
Turn   | Place    | Note
-------+----------+-------------------------------------------
     0 | D:1      | Peloso the Minotaur Fighter began the quest for the Orb.
     0 | D:1      | Reached XP level 1. HP: 19/19 MP: 0/0
    56 | D:1      | Reached XP level 2. HP: 27/27 MP: 1/1
   630 | D:1      | Reached XP level 3. HP: 33/33 MP: 2/2
  1123 | D:2      | Reached skill level 3 in Long Blades
  1380 | D:2      | Found Gelurrya's Book Shoppe.
  1533 | D:2      | Reached XP level 4. HP: 35/40 MP: 3/3
  1899 | D:3      | Reached skill level 4 in Long Blades
  2151 | D:3      | Found a shimmering altar of Xom.
  2164 | D:3      | Reached XP level 5. HP: 46/47 MP: 4/4
  2167 | D:3      | Reached skill level 5 in Armour
  2178 | D:3      | Reached skill level 5 in Long Blades
  2216 | D:3      | Reached XP level 6. HP: 53/53 MP: 5/5
  2332 | D:3      | Found a broken altar of Ashenzari.
  2336 | D:3      | Saw a vision of the Swamp and the Spider Nest.
  2336 | D:3      | Noticed a redback
  2336 | D:3      | Noticed a redback
  2336 | D:3      | Noticed a hornet
  2336 | D:3      | Noticed a redback
  2336 | D:3      | Noticed a wolf spider
  2336 | D:3      | Noticed a goliath frog
  2336 | D:3      | Noticed a swamp drake
  2336 | D:3      | Noticed a will-o-the-wisp
  2336 | D:3      | Noticed a goliath frog
  2337 | D:3      | Noticed a swamp drake
  2487 | D:3      | Found a burning altar of Makhleb.
  2678 | D:4      | Reached skill level 6 in Long Blades
  3099 | D:4      | Noticed Grinder
  3109 | D:4      | Killed Grinder
  3110 | D:4      | Reached skill level 7 in Long Blades
  3110 | D:4      | Reached XP level 7. HP: 48/60 MP: 6/6
  3142 | D:4      | Noticed Sigmund
  3152 | D:4      | Killed Sigmund
  3153 | D:4      | Reached skill level 5 in Fighting
  3195 | D:4      | Found a stormy altar of Qazlal.
  3274 | D:4      | Noticed Ijyb
  3281 | D:4      | Killed Ijyb
  3580 | D:4      | Reached skill level 8 in Long Blades
  3747 | D:5      | Entered Level 5 of the Dungeon
  3764 | D:5      | Reached XP level 8. HP: 69/69 MP: 7/7
  3879 | D:5      | Found a staircase to the Ecumenical Temple.
  3906 | Temple   | Entered the Ecumenical Temple
  3926 | Temple   | Became a worshipper of Warmaster Okawaru
  3956 | D:5      | Found Ungoo's Mayhem Merchandise.
  4072 | D:5      | Reached skill level 5 in Shields
  4091 | Temple   | Slain by a gnoll shaman

Illustrated notes

Levels and vault maps discovered:
D:1:      kennysheep_arrival_seaside, layout_basic, feat_on_display
D:2:      layout_basic, serial_shops, shop
D:3:      layout_basic, led_xom_imps, general_overflow_altar,
          grunt_ashenzari_visionary [grunt_ashenzari_visionary_swamp,
          grunt_ashenzari_visionary_spider]
D:4:      layout_basic, lemuel_coloured_pillars_altar,
          chequers_serial_rivers_marsh, uniq_grinder, uniq_sigmund, uniq_ijyb
D:5:      layout_basic, minmay_temple_entry_stoned_glass,
          chequers_serial_rivers_small_3, minmay_shop_mayhem, uniq_duvessa
Temple:   minmay_temple_bridge_abc

Skill      XL: |  1  2  3  4  5  6  7  8 |
---------------+-------------------------+-----
Shields        | 4 5 |  5.0
Fighting       | 4 5 |  5.5
Armour         | 4 5 6 7 |  7.0
Long Blades    | 3 4 5 7 8 |  8.3
Dodging        | |  0.8
Stealth        | |  0.5

Action                   |  1- 3 |  4- 6 |  7- 9 || total
-------------------------+-------+-------+-------++-------
Melee: Long sword        |    75 |    96 |    74 ||   245
       Headbutt          |    10 |    16 |    13 ||    39
  Use: Scroll            |       |       |     3 ||     3
Armor: Scale mail        |     4 |       |       ||     4
       Chain mail        |    40 |    45 |    39 ||   124
Dodge: Dodged            |    36 |    35 |    32 ||   103
Block: Buckler           |    13 |    21 |    18 ||    52
